 Dungeon Crawl Stone Soup version 0.26.0-45-g9c1d065592 (webtiles) character file.

Game seed: 15015554154977207757

310 trckry the Bolt Thrower (level 6, -4/37 HPs)
             Began as a Tengu Hunter on Jan 31, 2021.
             Slain by an iron imp (10 damage)
             ... summoned by Natasha
             ... on level 3 of the Dungeon.
             The game lasted 00:06:20 (3310 turns).

trckry the Bolt Thrower (Tengu Hunter)              Turns: 3310, Time: 00:06:21

Health: -4/37      AC:  4    Str: 10    XL:     6   Next: 41%
Magic:  8/8        EV: 15    Int: 11    God:
Gold:   122        SH:  0    Dex: 15    Spells: 5/5 levels left

rFire    . . .     SeeInvis .   b - +1 dagger (venom)
rCold    . . .     Faith    .   (no shield)
rNeg     . . .     Spirit   .   p - +0 leather armour
rPois    .         Reflect  .   (helmet restricted)
rElec    .         Harm     .   n - +0 cloak
rCorr    .         Rampage  .   (no gloves)
Will     .....                  (boots unavailable)
Stlth    +.........             (no amulet)
HPRegen  0.12/turn              w - -4 ring of strength (curse)
MPRegen  0.11/turn              (no ring)

@: flying quickly and evasively, quick
A: beak, talons 3, able to fly
a: Stop Flying


You were on level 3 of the Dungeon.
You visited 1 branch of the dungeon, and saw 3 of its levels.

You collected 122 gold pieces.

Inventory:

Hand Weapons
 a - a +1 hand crossbow
 b - a +1 dagger of venom (weapon)
 c - a +1 dagger of electrocution
Missiles
 d - 17 bolts
Armour
 n - a +0 cloak (worn)
 p - a +0 leather armour (worn)
Jewellery
 w - a cursed -4 ring of strength (left hand)
Scrolls
 f - a scroll of amnesia {unknown}
 g - a scroll of blinking {unknown}
 h - 2 scrolls of teleportation {unknown}
 i - a scroll of enchant armour {unknown}
 j - a scroll of noise {unknown}
 k - 5 scrolls of identify {unknown}
 l - 2 scrolls of enchant weapon {unknown}
 o - a scroll of random uselessness {unknown}
 x - a scroll of immolation {unknown}
Potions
 e - 3 potions of heal wounds {unknown}
 m - 2 potions of curing {unknown}
 q - 2 potions of attraction {unknown}
 r - 3 potions of flight {unknown}
 s - 3 potions of degeneration {unknown}
 t - a potion of magic {unknown}
 u - a potion of ambrosia {unknown}
 v - a potion of might {unknown}


   Skills:
 + Level 3.0 Fighting
 + Level 2.1 Staves
 * Level 5.8 Crossbows
 + Level 2.1 Armour
 - Level 2.5 Dodging
 - Level 1.0 Stealth
 + Level 1.6 Invocations
 + Level 1.9 Evocations


You had 5 spell levels left.
You didn't know any spells.
Your spell library was empty.

Dungeon Overview and Level Annotations

Branches:
Dungeon (3/15)

Altars:
Hepliaklqana

Annotations:
D:3 Natasha


Innate Abilities, Weirdness & Mutations

You have a beak for a mouth.
You have claws for feet.
You can fly continuously.


Message History

Natasha claws you.
You barely miss Natasha.
Natasha is moderately wounded.
Natasha mumbles some strange words.
You hit Natasha.
Natasha is severely wounded.
Natasha stares at you and mumbles some strange words.
The magic dart hits you.
You hit Natasha. Your kick misses Natasha.
Natasha is almost dead.
Natasha stares at you and mumbles some strange words.
You resist with some effort. The iron imp hits you!
Natasha zaps a wand.
The puff of flame hits you.
* * * LOW HITPOINT WARNING * * *
You completely miss Natasha. Your kick misses Natasha.
Natasha is almost dead.
Natasha claws you.
* * * LOW HITPOINT WARNING * * *
The iron imp hits you!
You die...

............##### #............#
................## #.....#####..#
.......########..###..#### ##).#
....#....#######......# ##...#
#.####.#.....# ##.#.(.#### #....#
#.##...#####.###.>.....<.###.####
#.##.................###.....###.
#......#####....h5...#.........#.
#.###..# #.##.@................
#.###..# #.....###.#.#.........
#.##..######.....##....#.........
..##..##........###....#.....)...
..#......###...## .##...........
.##............##.## ##..........
........####...... ## #..........
.....##.##...>#.###. ...........
................... ...........


You could see an iron imp (summoned) and Natasha (poisoned).

Vanquished Creatures
  Purgy (D:3)
  Jessica (D:2)
  Natasha (twice) (D:3)
  Robin (D:2)
  2 adders (D:2)
  2 oozes
  An adder skeleton (D:2)
  A worm (D:3)
  2 dart slugs (D:1)
  A leopard gecko (D:3)
  7 orcs (D:3)
  6 bats
  4 giant cockroaches
  17 goblins
  16 hobgoblins
  7 jackals
  6 kobolds
  6 frilled lizards
  A giant cockroach zombie (D:3)
  9 rats
93 creatures vanquished.

Notes
Turn   | Place    | Note
-------+----------+-------------------------------------------
     0 | D:1      | trckry the Tengu Hunter began the quest for the Orb.
     0 | D:1      | Reached XP level 1. HP: 12/12 MP: 2/2
   151 | D:1      | Reached XP level 2. HP: 17/17 MP: 3/3
   595 | D:1      | Reached XP level 3. HP: 19/21 MP: 4/4
   685 | D:1      | Reached skill level 1 in Staves
  1193 | D:2      | Reached skill level 1 in Armour
  1195 | D:2      | Noticed Robin
  1220 | D:2      | Killed Robin
  1221 | D:2      | Reached skill level 1 in Evocations
  1221 | D:2      | Reached XP level 4. HP: 11/27 MP: 5/5
  1227 | D:2      | Reached skill level 5 in Crossbows
  1878 | D:2      | Noticed Jessica
  1885 | D:2      | Killed Jessica
  1886 | D:2      | Reached skill level 1 in Invocations
  1886 | D:2      | Gained mutation: You can fly continuously. [Tengu growth]
  1886 | D:2      | Reached XP level 5. HP: 31/31 MP: 6/6
  2523 | D:3      | Noticed Natasha
  2532 | D:3      | Killed Natasha
  2939 | D:3      | Found a hazy altar of Hepliaklqana.
  3029 | D:3      | Noticed Purgy
  3051 | D:3      | Killed Purgy
  3052 | D:3      | Reached XP level 6. HP: 25/37 MP: 6/8
  3150 | D:3      | Noticed Natasha
  3157 | D:3      | Killed Natasha
  3295 | D:3      | Noticed Natasha
  3310 | D:3      | Slain by an iron imp

Illustrated notes

Levels and vault maps discovered:
D:1:      matt_arrival_spirals, layout_rooms
D:2:      layout_loops_cross, uniq_jessica, uniq_robin
D:3:      layout_rooms, nzn_hepliaklqana_mist_gate, kennysheep_flooded_box,
          uniq_purgy, uniq_natasha

Skill      XL: |  1  2  3  4  5 |
---------------+----------------+-----
Staves         | 1 2 |  2.1
Armour         | 1 2 |  2.1
Evocations     | 1 |  1.9
Crossbows      | 5 |  5.8
Invocations    | 1 |  1.6
Fighting       | 3 |  3.0
Dodging        | |  2.5
Stealth        | |  1.0

Action                   |  1- 3 |  4- 6 || total
-------------------------+-------+-------++-------
Melee: Short sword       |    89 |    28 ||   117
       Kick              |    27 |    31 ||    58
       Peck              |    14 |    21 ||    35
       Dagger            |       |   105 ||   105
 Fire: Hand crossbow     |     4 |    19 ||    23
 Abil: Fly               |       |     1 ||     1
 Stab: Sleeping          |     1 |     1 ||     2
Armor: Leather armour    |    30 |    34 ||    64
Dodge: Dodged            |    52 |   115 ||   167
